 Dungeon Crawl Stone Soup version 0.27-a0-1565-gad902ab807 (webtiles) character file.

Game seed: 18226607941638461862

574 MovingMist the Skirmisher (level 7, 0/44 HPs)
             Began as a Gargoyle Fighter on July 16, 2021.
             Was an Initiate of Okawaru.
             Slain by a hound (4 damage)
             ... on level 5 of the Dungeon.
             The game lasted 00:07:29 (5486 turns).

MovingMist the Skirmisher (Gargoyle Fighter)        Turns: 5486, Time: 00:07:29

Health: 0/44       AC: 11    Str: 19    XL:     7   Next: 35%
Magic:  7/7        EV: 10    Int:  9    God:    Okawaru [......]
Gold:   118        SH:  9    Dex: 11    Spells: 6/6 levels left

rFire    + + .     SeeInvis .   r - +0 dagger (elec)
rCold    + . .     Faith    .   c - +0 kite shield
rNeg     + . .     Spirit   .   j - +2 leather armour {rF+}
rPois    ∞         Reflect  .   o - +0 helmet
rElec    +         Harm     .   (no cloak)
rCorr    .         Rampage  .   (no gloves)
Will     .....                  (no boots)
Stlth    +.........             (no amulet)
HPRegen  0.14/turn              x - ring of protection from cold
MPRegen  0.10/turn              z - ring of protection from fire

@: no status effects
A: sickness immunity, AC +4, negative energy resistance 1, electricity
resistance, torment resistance 1, petrification resistance
a: Renounce Religion


You were on level 5 of the Dungeon.
You worshipped Okawaru.
Okawaru was noncommittal.
You visited 2 branches of the dungeon, and saw 6 of its levels.

You collected 118 gold pieces.

Inventory:

Hand Weapons
 r - a +0 dagger of electrocution (weapon)
Missiles
 t - a throwing net (quivered)
Armour
 c - a +0 kite shield (worn)
 j - a +2 leather armour of fire resistance (worn)
 o - a +0 helmet (worn)
 s - a +0 chain mail
Jewellery
 x - a ring of protection from cold (left hand)
 z - a ring of protection from fire (right hand)
Wands
 y - a wand of paralysis (8)
 A - a wand of flame (13)
Scrolls
 a - a scroll of vulnerability {unknown}
 e - 2 scrolls of brand weapon {unknown}
 h - a scroll of enchant armour {unknown}
 i - 2 scrolls of amnesia {unknown}
 k - a scroll of blinking {unknown}
 l - 2 scrolls of silence {unknown}
 m - 5 scrolls of identify {unknown}
 n - 2 scrolls of enchant weapon {unknown}
 p - a scroll of teleportation {unknown}
 v - a scroll of magic mapping {unknown}
 w - a scroll of fear {unknown}
Potions
 b - a potion of attraction {unknown}
 d - 3 potions of might
 f - 2 potions of heal wounds {unknown}
 g - a potion of curing {unknown}
 q - 2 potions of berserk rage {unknown}
 u - 3 potions of invisibility {unknown}


   Skills:
 + Level 4.9 Fighting
 + Level 3.8 Maces & Flails
 + Level 4.9 Armour
 * Level 3.8 Dodging
 - Level 3.2 Shields


You had 6 spell levels left.
You didn't know any spells.
Your spell library contained the following spells:

 Spells                   Type           Power      Damage    Failure   Level
 Freeze                   Ice            0%         1d3       91%         1
 Magic Dart               Conj           0%         1d3       91%         1
 Call Imp                 Summ           0%         N/A       97%         2
 Frozen Ramparts          Ice            0%         1d2       100%        3
 Mephitic Cloud           Conj/Pois/Air  0%         N/A       100%        3
 Hailstorm                Conj/Ice       0%         3d3       100%        4


Dungeon Overview and Level Annotations

Branches:
Dungeon (5/15)             Temple (1/1) D:5

Altars:
Ashenzari
Cheibriados
Dithmenos
Elyvilon
Fedhas
Hepliaklqana
Kikubaaqudgha
Nemelex Xobeh
Okawaru
Qazlal
Sif Muna
Uskayaw
Vehumet
Wu Jian
Xom
Yredelemnul
Zin
The Shining One

Shops:
D:1 ?

Annotations:
D:4 1 runed translucent door, DEFE's ghost, amateur DjEn


Innate Abilities, Weirdness & Mutations

You are immune to sickness and miasma.
Your stone body is resilient. (AC +4)
You are immune to poison.
You resist negative energy. (rN+)
You are resistant to electric shocks. (rElec)
You are resistant to unholy torment.
You are immune to petrification.


Message History

You resist.
You hit something. Something hits you. Something shocks you. You resist.
* * * LOW HITPOINT WARNING * * *
You hit something. Something hits you.
* * * LOW HITPOINT WARNING * * *
Something shocks you. You resist.
* * * LOW HITPOINT WARNING * * *
A necrophage comes into view.
You miss something. Something hits you.
* * * LOW HITPOINT WARNING * * *
Something shocks you. You resist.
* * * LOW HITPOINT WARNING * * *
You miss something.
Something hits you but does no damage. x2
You closely miss something. Something hits you but does no damage.
You hit something but do no damage. Something hits you but does no damage.
You closely miss something. Something hits you but does no damage.
You closely miss something. Something hits you but does no damage.
You block something's attack.
You hit something. Something hits you but does no damage.
You miss something. You block something's attack.
You miss something. You block something's attack.
You miss something. Something hits you.
* * * LOW HITPOINT WARNING * * *
Something shocks you. You resist.
* * * LOW HITPOINT WARNING * * *
You barely miss something.
Something hits you but does no damage. x2
Unknown command.
Okay, then.
The hound closely misses you.
A sky beast appears from thin air!
Reactivating autopickup.
The hound bites you but does no damage. The hound bites you.
* * * LOW HITPOINT WARNING * * *
The hound completely misses you. The hound completely misses you.
You block the hound's attack. The hound barely misses you. The hound bites you.
You die...

#.....#..........
#.....#.###.#.##. #...#.#.#
#.#.... #...#.#.# #.#..#.
#...#.#.# #.#..#.
######...#.#.#..#.
#<.......#.#.#>##.
#.#####..#......#.
##############@.# #..#.#.##.#.
#.............h.# #..#........
###.############..# #..###.##.##
..........n....Y..####..###.##.#.
###.#..###.............>....##.#.
#.#..# #.####.............##.#.
###.#..# #.# #.#.########.###.#.
n..§...# #.# #.#.# #.# #.#.
....#.## #.# #.#.# #.# #.#.


You could see a sky beast and a hound.

Vanquished Creatures
  A scorpion (D:4)
  2 water moccasin skeletons
  2 hounds (D:4)
  An orc priest (D:4)
  2 centaur skeletons
  A jelly (D:4)
  Ijyb (D:3)
  3 orc wizards (D:3)
  4 adders
  A worm (D:3)
  A dart slug (D:3)
  12 orcs
  5 ball pythons
  5 bats
  11 endoplasms
  9 giant cockroaches
  7 goblins
  6 hobgoblins
  4 jackals (D:5)
  7 kobolds
  6 quokkas
  4 frilled lizards (D:2)
  7 rats
102 creatures vanquished.

Notes
Turn   | Place    | Note
-------+----------+-------------------------------------------
     0 | D:1      | MovingMist the Gargoyle Fighter began the quest for the
                  | Orb.
     0 | D:1      | Reached XP level 1. HP: 14/14 MP: 1/1
   201 | D:1      | Reached XP level 2. HP: 19/19 MP: 2/2
   261 | D:1      | Reached skill level 1 in Dodging
   381 | D:1      | Found Ryxiz's Magic Scroll Shop.
   628 | D:1      | Reached XP level 3. HP: 23/23 MP: 3/3
  1064 | D:2      | Found a faded altar of an unknown god.
  1642 | D:2      | Found a blossoming altar of Fedhas.
  1821 | D:2      | Reached XP level 4. HP: 29/29 MP: 4/4
  2457 | D:3      | Reached XP level 5. HP: 33/33 MP: 5/5
  2609 | D:3      | Noticed Ijyb
  2612 | D:3      | Paralysed by Ijyb for 2 turns
  2620 | D:3      | Paralysed by Ijyb for 2 turns
  2627 | D:3      | Paralysed by Ijyb for 6 turns
  2646 | D:3      | Killed Ijyb
  3237 | D:4      | Reached XP level 6. HP: 36/39 MP: 6/6
  3879 | D:4      | Found a runed translucent door.
  3879 | D:4      | Noticed DEFE's ghost (amateur DjEn)
  3968 | D:4      | Reached XP level 7. HP: 35/44 MP: 7/7
  4541 | D:5      | Entered Level 5 of the Dungeon
  4740 | D:5      | Found a staircase to the Ecumenical Temple.
  4960 | Temple   | Entered the Ecumenical Temple
  5270 | Temple   | Became a worshipper of Warmaster Okawaru
  5464 | D:5      | HP: 2/44 [something (1)]
  5475 | D:5      | HP: 2/44 [hound (2)]
  5486 | D:5      | Slain by a hound

Illustrated notes

Levels and vault maps discovered:
D:1:      ncdulo_smallfort, layout_loops_ring, serial_shops, shop_fountains
D:2:      minmay_diamond_boxcup, layout_loops_ring, basic_altar,
          chequers_ecumenical_altar_simple_redux
D:3:      layout_loops_ring, uniq_ijyb
D:4:      layout_cave_pods, hellmonk_ghost_happy_afterlife, roderic_lattice_a,
          minmay_ruptured
D:5:      layout_basic, minmay_temple_entry_trees, hex_tiny,
          nicolae_underground_beach
Temple:   hc_temple_tempest_star

Skill      XL: |  1  2  3  4  5  6 |
---------------+-------------------+-----
Dodging        | 1 2 3 |  3.8
Fighting       | 4 |  4.9
Armour         | 4 |  4.9
Maces & Flails | 3 |  3.8
Shields        | |  3.2

Action                   |  1- 3 |  4- 6 |  7- 9 || total
-------------------------+-------+-------+-------++-------
Melee: Flail             |    43 |       |       ||    43
       Dagger            |    87 |   249 |   147 ||   483
 Stab: Sleeping          |       |     1 |       ||     1
Armor: Scale mail        |    30 |       |       ||    30
       Leather armour    |    31 |   123 |    88 ||   242
Dodge: Dodged            |    47 |    99 |    51 ||   197
Block: Kite shield       |    55 |   125 |    64 ||   244

Table legend: (Time is in decaauts)
 A = Elapsed time spent in this place.
 B = Non-inter-level travel time spent in this place.
 C = Inter-level travel time spent in this place.
 D = Time resting spent in this place.
 E = Time spent auto-exploring this place.
 F = Levels seen in this place.
 G = Mean time per level.
                   A        B        C        D        E       F      G
               +--------+--------+--------+--------+--------+-----+--------+
         Total |   5619 |   5364 |    255 |    496 |   3709 |   6 |  936.5 |
       Dungeon |   5282 |   5055 |    227 |    496 |   3410 |   5 | 1056.4 |
        Temple |    337 |    310 |     27 |      0 |    299 |   1 |  337.0 |
               +--------+--------+--------+--------+--------+-----+--------+

Top non-repeatable levels by time:
     D:4: 1365 daAuts
     D:3: 1298 daAuts
     D:1: 1049 daAuts
     D:2: 935 daAuts
     D:5: 634 daAuts
  Temple: 337 daAuts
